 Dungeon Crawl Stone Soup version 0.28-a0-1033-g1a2f33fa85 (webtiles) character file.

Game seed: 14588657550812180696

824 Zonian the Chiller (level 7, 0/51 HPs)
             Began as a Demonspawn Ice Elementalist on Dec 8, 2021.
             Was a Believer of Vehumet.
             Slain by a yak (9 damage)
             ... on level 4 of the Dungeon.
             The game lasted 00:14:54 (6726 turns).

Zonian the Chiller (Demonspawn Ice Elementalist)    Turns: 6726, Time: 00:14:55

Health: 0/51       AC:  5    Str: 10    XL:     7   Next: 64%
Magic:  10/12      EV: 13    Int: 16    God:    Vehumet [**....]
Gold:   151        SH:  0    Dex: 14    Spells: 3/12 levels left

rFire   . . .      SeeInvis .   b - +0 trident
rCold   . . .      Faith    .   (no shield)
rNeg    . . .      Spirit   .   a - +0 robe
rPois   .          Reflect  .   (helmet restricted)
rElec   .          Harm     .   g - +0 cloak
rCorr   .          Rampage  .   (no gloves)
Will    .....                   (no boots)
Stlth   +++.......              p - amulet of magic regeneration
HPRegen 0.17/turn               (no ring)
MPRegen 0.53/turn               (no ring)

@: freezing walls
A: horns 2, thin metallic scales 1, spiny 1
a: Renounce Religion


You were on level 4 of the Dungeon.
You worshipped Vehumet.
Vehumet was pleased with you.
You visited 1 branch of the dungeon, and saw 5 of its levels.

You collected 187 gold pieces.
You spent 36 gold pieces at shops.

Inventory:

Hand Weapons
 b - a +0 trident (weapon)
 d - a +0 spear
 e - a +0 mace
Missiles
 c - 6 boomerangs
 m - 7 poisoned darts
 n - 30 sling bullets
Armour
 a - a +0 robe (worn)
 g - a +0 cloak (worn)
Jewellery
 p - an amulet of magic regeneration (around neck)
Wands
 q - a wand of flame (15)
Scrolls
 f - 3 scrolls of blinking
Potions
 i - a potion of brilliance
 k - a potion of magic
 l - 2 potions of haste


   Skills:
 + Level 2.4 Fighting
 + Level 3.8 Polearms
 + Level 3.1 Dodging
 + Level 3.9 Stealth
 + Level 3.4 Spellcasting
 * Level 1.3 Conjurations
 + Level 4.8 Ice Magic


You had 3 spell levels left.
You knew the following spells:

 Your Spells              Type           Power      Damage    Failure   Level
a - Freeze                Ice            72%        1d9       2%          1
b - Frozen Ramparts       Ice            36%        1d5       8%          3
c - Ozocubu's Armour      Ice            18%        N/A       8%          3
d - Searing Ray           Conj           14%        2d5       16%         2

Your spell library contained the following spells:

 Spells                   Type           Power      Damage    Failure   Level
 Mephitic Cloud           Conj/Pois/Air  4%         N/A       41%         3
 Foxfire                  Conj/Fire      16%        2x1d4     14%         1
 Animate Skeleton         Necr           4%         N/A       19%         1
 Apportation              Tloc           4%         N/A       19%         1
 Sting                    Tmut/Pois      8%         1d3       19%         1
 Summon Small Mammal      Summ           8%         N/A       19%         1
 Poisonous Vapours        Pois/Air       4%         N/A       26%         2
 Conjure Flame            Conj/Fire      4%         6-21      38%         3
 Stone Arrow              Conj/Erth      8%         3d7       38%         3
 Inner Flame              Hex/Fire       2%         N/A       47%         3
 Hailstorm                Conj/Ice       12%        3d5       45%         4
 Flame Wave               Conj/Fire      4%         2d4       80%         4
 Airstrike                Air            1%         N/A       87%         4
 Animate Armour           Summ/Erth      4%         N/A       87%         4
 Olgreb's Toxic Radiance  Pois           2%         N/A       87%         4
 Summon Lightning Spire   Summ/Air       2%         N/A       87%         4
 Lightning Bolt           Conj/Air       2%         1d13      98%         5
 Lehudib's Crystal Spear  Conj/Erth      2%         10d2      100%        8


Dungeon Overview and Level Annotations

Branches:
Dungeon (5/15)
 Temple: D:4-7

Altars:
Cheibriados
Fedhas
Vehumet

Shops:
D:3 !

Annotations:
D:5 3 runed translucent doors, Dvallin's ghost, novice KoFi


Innate Abilities, Weirdness & Mutations

You have a pair of horns on your head.
You are partially covered in thin metallic scales. (AC +2)
You are partially covered in sharp spines.


Message History

The wyvern skeleton barely misses you.
You climb upwards.
There is a stone staircase leading down here.
Throw: throwing net
Press: ? - help, Q - select action, (/) - cycle Shift-Dir - straight line, f - yak
Aim: a yak (lightly wounded, 70% to hit)
You throw a throwing net. The throwing net hits the yak.
The yak is caught in the net!
The yak is lightly wounded.
The yak struggles against the net.
You barely miss the yak. You headbutt the yak, but do no damage.
The yak is lightly wounded.
The yak struggles against the net.
You hit the yak.
The yak is moderately wounded.
The yak struggles against the net.
You strike the helpless yak from behind!
You hit the yak.
The yak is moderately wounded.
The yak struggles against the net.
You completely miss the yak. You headbutt the yak.
The yak is moderately wounded.
The yak struggles against the net.
The net rips apart, and the yak comes free!
Casting: Freeze (safe; 2% risk of failure)
Confirm with . or Enter, or press ? or * to list all spells.
Casting: Frozen Ramparts (dangerous; 8% risk of failure)
Press: ? - help, Dir - look around, f - activate A stone staircase leading down.
The walls around you are covered in ice.
The wall freezes the yak.
The yak gores you!
* * * LOW HITPOINT WARNING * * *
Okay, then.
You closely miss the yak.
The yak is heavily wounded.
The wall freezes the yak.
The yak barely misses you.
You hit the yak.
The yak is severely wounded.
The wall freezes the yak.
The yak gores you!
You die...

..##.##...........#..##
......#...............#
#.##..##..............####
##.....................#.#
##....................##.##
..........................#
..##........###.....#..#.##
...##........#......#.####
...##.....##....@!..###
........####...Y##..#
......### #....#####
.......# #....## #...#..#
#..>..# #####.## #.....#
### ##.#### ###


You could see a yak.

Vanquished Creatures
  A necrophage (D:5)
  A water moccasin skeleton (D:4)
  A killer bee (D:5)
  6 hounds
  An orc priest (D:4)
  A bullfrog skeleton (D:4)
  A jelly (D:4)
  An iguana (D:5)
  6 orc wizards
  3 gnolls (D:4)
  A howler monkey skeleton (D:5)
  7 adders
  A white imp (D:4)
  2 adder skeletons (D:4)
  3 worms
  4 dart slugs
  13 orcs
  4 endoplasms
  A giant cockroach (D:2)
  7 goblins
  4 hobgoblins
  3 kobolds
  2 quokkas
  3 ball pythons
  5 bats
  3 frilled lizards
  4 rats
89 creatures vanquished.

Vanquished Creatures (others)
  2 plants (D:5)
  5 toadstools (D:1)
7 creatures vanquished.

Grand Total: 96 creatures vanquished

Notes
Turn   | Place    | Note
-------+----------+-------------------------------------------
     0 | D:1      | Zonian the Demonspawn Ice Elementalist began the quest for
                  | the Orb.
     0 | D:1      | Reached XP level 1. HP: 13/13 MP: 3/3
   331 | D:1      | Reached skill level 4 in Ice Magic
   670 | D:1      | Gained mutation: You have a pair of small horns on your
                  | head. [demonic ancestry]
   670 | D:1      | Reached XP level 2. HP: 19/19 MP: 1/5
  1407 | D:2      | Found a faded altar of an unknown god.
  1429 | D:2      | Prayed at the altar of an unknown god.
  1429 | D:2      | Became a worshipper of Vehumet
  1429 | D:2      | Reached * piety under Vehumet
  1429 | D:2      | Offered knowledge of Shock by Vehumet.
  1524 | D:2      | Gained mutation: You are partially covered in sharp spines.
                  | [demonic ancestry]
  1524 | D:2      | Reached XP level 3. HP: 20/24 MP: 6/6
  2010 | D:2      | Reached skill level 1 in Polearms
  2293 | D:3      | Reached XP level 4. HP: 29/31 MP: 4/7
  2449 | D:3      | Found Cotod's Distillery.
  2486 | D:3      | Bought a potion of curing for 36 gold pieces
  3045 | D:3      | Found a blossoming altar of Fedhas.
  3045 | D:3      | Found a snail-covered altar of Cheibriados.
  3530 | D:4      | Reached skill level 1 in Fighting
  3582 | D:4      | Gained mutation: You have a pair of horns on your head.
                  | [demonic ancestry]
  3582 | D:4      | Reached XP level 5. HP: 37/37 MP: 8/8
  3767 | D:4      | Gained mutation: You are partially covered in thin metallic
                  | scales. (AC +2) [demonic ancestry]
  3767 | D:4      | Reached XP level 6. HP: 30/43 MP: 8/10
  4074 | D:4      | Reached ** piety under Vehumet
  4074 | D:4      | Offered knowledge of Searing Ray by Vehumet.
  4079 | D:4      | Learned a level 3 spell: Frozen Ramparts
  4083 | D:4      | Learned a level 3 spell: Ozocubu's Armour
  4998 | D:4      | Reached XP level 7. HP: 31/50 MP: 11/11
  5428 | D:4      | Learned a level 2 spell: Searing Ray
  5473 | D:5      | Entered Level 5 of the Dungeon
  5494 | D:5      | Noticed a yak
  5804 | D:5      | Reached skill level 1 in Conjurations
  6111 | D:5      | Found a runed translucent gate.
  6111 | D:5      | Found a runed translucent gate.
  6111 | D:5      | Found a runed translucent gate.
  6112 | D:5      | Noticed Dvallin's ghost (novice KoFi)
  6119 | D:5      | Offered knowledge of Mephitic Cloud by Vehumet.
  6698 | D:5      | Noticed a yak
  6698 | D:5      | Noticed a yak
  6698 | D:5      | Noticed a yak
  6726 | D:4      | Slain by a yak

Illustrated notes

Levels and vault maps discovered:
D:1:      ldierk_walled_garden, layout_rooms
D:2:      layout_basic, dreamdust_ecumenical_altar_statues, minmay_quantized
D:3:      layout_loops_corners, mainiacjoe_overflow_divided_tiny, serial_shops,
          nicolae_shop_waterfront, chequers_garden, kennysheep_big_empty_room
D:4:      layout_cave_pools
D:5:      layout_gridville, minmay_temple_entry_glassed_door, serial_shops,
          kennysheep_mini, gammafunk_ghost_nasty_kobolds, serial_bayou_crossing

Skill      XL: |  1  2  3  4  5  6  7 |
---------------+----------------------+-----
Ice Magic      | 4 |  4.8
Dodging        | 2 3 |  3.1
Polearms       | 1 2 3 |  3.8
Stealth        | 2 3 |  3.9
Fighting       | 1 2 |  2.4
Spellcasting   | 3 |  3.4
Conjurations   | 1 |  1.3

Action                   |  1- 3 |  4- 6 |  7- 9 || total
-------------------------+-------+-------+-------++-------
Melee: Unarmed           |    24 |       |       ||    24
       Spear             |    78 |       |       ||    78
       Headbutt          |     9 |    14 |     7 ||    30
       Trident           |     3 |    90 |    52 ||   145
Throw: Throwing net      |       |       |     1 ||     1
 Cast: Freeze            |    20 |    13 |     3 ||    36
       Frozen Ramparts   |       |       |     1 ||     1
  Use: Scroll            |     2 |     6 |     2 ||    10
       Potion            |       |     1 |       ||     1
 Stab: Sleeping          |     5 |     3 |     2 ||    10
       Held in net/web   |       |       |     1 ||     1
Armor: Robe              |    22 |    19 |     9 ||    50
Dodge: Dodged            |    59 |    45 |    23 ||   127

Table legend: (Time is in decaauts)
 A = Elapsed time spent in this place.
 B = Non-inter-level travel time spent in this place.
 C = Inter-level travel time spent in this place.
 D = Time resting spent in this place.
 E = Time spent auto-exploring this place.
 F = Levels seen in this place.
 G = Mean time per level.
                   A        B        C        D        E       F      G
               +--------+--------+--------+--------+--------+-----+--------+
         Total |   6771 |   6554 |    217 |   2162 |   3078 |   5 | 1354.2 |
       Dungeon |   6771 |   6554 |    217 |   2162 |   3078 |   5 | 1354.2 |
               +--------+--------+--------+--------+--------+-----+--------+

Top non-repeatable levels by time:
     D:3: 2009 daAuts
     D:4: 1901 daAuts
     D:1: 1099 daAuts
     D:2: 977 daAuts
     D:5: 784 daAuts
